 Dungeon Crawl Stone Soup version 0.17.0-15-g6d90897 (webtiles) character file.

55 dysrexia the Digger (level 3, 0/31 HPs)
             Began as a Troll Earth Elementalist on Nov 10, 2015.
             Slain by a gnoll
             ... wielding a +0 spear
              (5 damage)
             ... on level 2 of the Dungeon.
             The game lasted 00:02:27 (1418 turns).

dysrexia the Digger (Troll Earth Elementalist)      Turns: 1418, Time: 00:02:27

Health: 0/31       AC:  5    Str: 16    XL:     3   Next: 67%
Magic:  3/3        EV: 10    Int: 11    God:
Gold:   53         SH:  0    Dex: 11    Spells: 1 memorised, 3 levels left

rFire  . . .     SeeInvis .       - Unarmed
rCold  . . .     Clarity  .     b - +0 robe
rNeg   . . .     SustAt   .     (no shield)
rPois  .         Gourm    +     (helmet restricted)
rElec  .         Spirit   .     (no cloak)
rCorr  .         Warding  .     (gloves unavailable)
rMut   .         Stasis   .     (boots unavailable)
MR     .....                    (no amulet)
Stlth  +.........               (no ring)
                                (no ring)

@: lethally poisoned (0 -> -3), not resistant to hostile enchantments, very
unstealthy
A: unfitting armour, claws 3, fast metabolism 3, gourmand, regeneration 2,
shaggy fur 1, tough skin 2
a: no special abilities


You were on level 2 of the Dungeon.
You were not hungry.

You visited 1 branch of the dungeon, and saw 2 of its levels.

You collected 53 gold pieces.

Inventory:

Missiles
 a - 20 stones (quivered)
Armour
 b - a +0 robe (worn)
Jewellery
 e - an uncursed amulet of the gourmand {unknown}
 g - an uncursed ring of magical power {unknown}
Scrolls
 h - 2 scrolls of amnesia {unknown}
 i - 3 scrolls of remove curse {unknown}
 k - a scroll of recharging {unknown}
 n - a scroll of identify {unknown}
Potions
 f - a potion of magic {unknown}
 j - a potion of brilliance {unknown}
 l - a potion of curing {unknown}
 m - a potion of cancellation {unknown}
Books
 c - a book of Geomancy

   Spells                             Type                      Level
   a - Sandblast                      Earth                        1
   b - Stoneskin                      Transmutation/Earth          2
   c - Passwall                       Transmutation/Earth          3
   d - Stone Arrow                    Conjuration/Earth            3
   e - Petrify                        Transmutation/Earth          4
   f - Lee's Rapid Deconstruction     Earth                        5
Comestibles
 d - 4 bread rations
 o - 2 fruits


   Skills:
 - Level 1.5 Dodging
 - Level 1.1 Stealth
 * Level 2.7 Unarmed Combat
 - Level 1.2 Spellcasting
   Level 0.6 Transmutations
 + Level 3.2 Earth Magic


You had 3 spell levels left.
You knew the following spells:

 Your Spells              Type           Power        Failure   Level  Hunger
a - Sandblast             Erth           #.....       10%         1    ##.....


Dungeon Overview and Level Annotations

Branches:
Dungeon (2/15)

Altars:


Innate Abilities, Weirdness & Mutations

You are too large for most types of armour.
You have claws for hands.
Your metabolism is lightning-fast.
You like to eat raw meat.
You heal very quickly.
You are covered in fur (AC +1).
You have very tough skin (AC +2).


Message History

You feel sick.
You claw the gnoll!
The gnoll is severely wounded.
You feel sick. The gnoll hits you.
You scratch the gnoll.
You kill the gnoll!
You feel sick.
The gnoll hits you from afar with a spear.
You feel sick.
You feel sick.
You feel sick.
The gnoll throws a throwing net.
The throwing net hits you.
You become entangled in the net!
You see here a throwing net.
You tear a large gash into the net.
You feel sick.
The gnoll hits you with a whip of venom.
* * * LOW HITPOINT WARNING * * *
You are more poisoned.
You shred the net and break free!
You feel sick.
The gnoll hits you from afar with a spear.
You die...

#.##.####.##.##.#
#.#.#...........
#..#.#..#...#.#
### #............#
..# ##..####..####
#.## ##.#.####..#
##.###.##.......#
#...#...######...#
#.g@....# #...#
#.#...#.# #...#
#.g###..# #...# .
#.## #.# ...
#†#### .#
.....##....# ..
...........# .
.....###....# ..
.... ###.##


You could see 2 gnolls.

Vanquished Creatures
  An adder (D:2)
  A gnoll (D:2)
  An ooze (D:1)
  2 worms (D:2)
  5 hobgoblins (D:1)
  5 jackals (D:1)
  6 bats (D:1)
  3 rats (D:1)
24 creatures vanquished.

Notes
Turn   | Place    | Note
--------------------------------------------------------------
     0 | D:1      | dysrexia the Troll Earth Elementalist began the quest for the Orb.
     0 | D:1      | Reached XP level 1. HP: 16/16 MP: 1/1
    30 | D:1      | Reached skill level 1 in Unarmed Combat
   140 | D:1      | Reached XP level 2. HP: 21/24 MP: 2/2
  1195 | D:1      | Reached skill level 3 in Earth Magic
  1318 | D:2      | Reached XP level 3. HP: 16/31 MP: 3/3
  1418 | D:2      | Slain by a gnoll

Action                   || total
-------------------------++-------
Melee: Unarmed           ||    79
 Stab: Sleeping          ||     1
  Eat: Chunk             ||    11
